 Dungeon Crawl Stone Soup version 0.18.1-8-gdd0e5ea (webtiles) character file.

1340 zeroDi the Covert (level 8, -5/38 HPs)
             Began as a Vine Stalker Assassin on May 23, 2016.
             Killed by nerve-wracking pain
             ... invoked by Menkaure
              (12 damage)
             ... on level 6 of the Dungeon.
             The game lasted 00:18:19 (5951 turns).

zeroDi the Covert (Vine Stalker Assassin)           Turns: 5951, Time: 00:18:20

Health: -5/38      AC:  3    Str: 14    XL:     8   Next: 62%
Magic:  0/9        EV: 15    Int: 11    God:
Gold:   260        SH:  0    Dex: 18    Spells: 0 memorised, 7 levels left

rFire  . . .     SeeInvis .     a - +2 short sword (venom)
rCold  . . .     Gourm    .     c - +0 robe
rNeg   . . .     Faith    .     (no shield)
rPois  .         Spirit   +     (no helmet)
rElec  .         Dismiss  .     d - +0 cloak
rCorr  .         Reflect  .     (no gloves)
SustAt .         Harm     .     (no boots)
MR     +....                    (no amulet)
Stlth  +++++.....               (no ring)
                                (no ring)

@: somewhat resistant to hostile enchantments, quite stealthy
A: fangs 3, regeneration 2, magic shield, antimagic bite, no device heal 3, rot
immunity
a: no special abilities


You were on level 6 of the Dungeon.
You were not hungry.

You visited 2 branches of the dungeon, and saw 7 of its levels.

You collected 260 gold pieces.


Innate Abilities, Weirdness & Mutations

You have razor-sharp teeth.
You heal very quickly.
When hurt, damage is shared between your health and your magic reserves.
Your bite disrupts and absorbs the magic of your enemies.
Potions and wands cannot restore your health.
You are immune to rotting.


   Skills:
 - Level 1.7 Fighting
 - Level 5.0 Short Blades
 - Level 1.7 Throwing
 * Level 4.6 Dodging
 - Level 10.0 Stealth


You had 7 spell levels left.
You didn't know any spells.

Inventory:

Hand Weapons
 a - a +2 short sword of venom (weapon)
 b - a +0 blowgun
 m - a +2 dagger
Missiles
 e - 36 poisoned needles
 f - 2 curare-tipped needles {=f}
 A - 4 tomahawks (quivered)
Armour
 c - a +0 robe (worn)
 d - a +0 cloak (worn)
Jewellery
 s - an uncursed amulet of regeneration {unknown}
 B - an uncursed ring of positive energy {unknown}
 E - an uncursed ring of protection from magic {unknown}
Scrolls
 h - 4 scrolls of identify {unknown}
 j - a scroll of fear
 k - 4 scrolls of noise {!r}
 l - 3 scrolls of recharging
 n - 3 scrolls of magic mapping
 p - 2 scrolls of teleportation {unknown}
 y - a scroll of fog {unknown}
 z - a scroll of immolation {!r}
Potions
 o - 2 potions of curing {unknown}
 r - a potion of agility
 t - 3 potions of mutation {unknown}
 u - a potion of flight {unknown}
 w - 2 potions of lignification {unknown}
 D - a potion of ambrosia {unknown}
 F - a potion of heal wounds {unknown}
Comestibles
 g - 2 bread rations
 i - 6 chunks of flesh
 q - a beef jerky
 v - 5 fruits
 x - 2 meat rations

Dungeon Overview and Level Annotations

Branches:
Dungeon (6/15)             Temple (1/1) D:6

Altars:
Ashenzari
Cheibriados
Dithmenos
Elyvilon
Fedhas
Gozag
Kikubaaqudgha
Makhleb
Okawaru
Qazlal
Ru
Sif Muna
Trog
Vehumet
Xom
Yredelemnul
Zin
The Shining One

Annotations:
D:5 1 exclusion
D:6 Menkaure

#^###.........# #.#
#.......
#..###........# #.#
#.......
##..##........# ##.#
#.......
##.##........# #..#
#####.##
#.##........## #.##
#.##
#.##.........###.#
#.#.
#####.##..........#..#
#.#.
......#.............##
#.#.
....§.§.......M.@..##
#.#.
....#####..........#
#.#.
###.....#..........#
#.#.
#.###.#..........#
#.#.
*#5#**,#..........#
#.#.
**.@.**,#...>......#
#.#.
,,._.,,............#*
#.#.
*#...#*#............**
#... *##.##
*,,,,**,,,,,,,** ##..


You could see Menkaure (inner flame).


Message History

Menkaure hits you!
* * * LOW HITPOINT WARNING * * *
Eustachio gestures wildly while chanting.
Eustachio blinks!
Menkaure barely misses you. Menkaure closely misses you.
You see here a spear.
Menkaure casts a spell at you. Pain shoots through your body!
* * * LOW HITPOINT WARNING * * *
Menkaure murmurs in an indecipherable tongue.
Eustachio mumbles some strange words.
Eustachio blinks!
You hear an explosion!
You feel a bit more experienced.
The iron imp disappears in a puff of smoke!
The ufetubus disappears in a puff of smoke!
Menkaure giggles, "These cerements are ticklish..."
Menkaure casts a spell at you. Pain shoots through your body!
You die...

Action                   |  1- 3 |  4- 6 |  7- 9 || total
-------------------------+-------+-------+-------++-------
Melee: Dagger            |    85 |    64 |       ||   149
       Bite              |    19 |    47 |    30 ||    96
       Short sword       |       |   137 |    88 ||   225
 Fire: Blowgun           |     1 |       |    30 ||    31
Throw: Tomahawk          |       |       |     6 ||     6
  Use: Potion            |     1 |     2 |       ||     3
       Scroll            |       |       |     6 ||     6
 Stab: Sleeping          |     5 |    17 |     4 ||    26
       Distracted        |     1 |     2 |     1 ||     4
  Eat: Chunk             |       |    10 |     3 ||    13
       Pizza             |       |       |     2 ||     2
Armor: Robe              |    18 |    28 |    11 ||    57
Dodge: Dodged            |    41 |    73 |    61 ||   175

Vault maps used:
D:1:      dpeg_arrival_round_c, minmay_hedge_maze
D:2:      lemuel_coloured_pillars_altar, lemuel_doored_altar,
          nicolae_qazlal_eye_of_the_storm
D:3:      minmay_close_crescents
D:4:      lemuel_crystal_altar, first_bread, hangedman_decor_peaks_small
D:5:      minmay_goblin_kobold_castle, marbit_many_paths, elyvilon_altar_5,
          uniq_crazy_yiuf_cottage, uniq_edmund
D:6:      nicolae_overflow_crystal_walls, minmay_temple_entry_large_hall,
          uniq_menkaure, uniq_eustachio
Temple:   nicolae_temple_no_exploring_needed

Notes
Turn   | Place    | Note
--------------------------------------------------------------
     0 | D:1      | zeroDi the Vine Stalker Assassin began the quest for the Orb.
     0 | D:1      | Reached XP level 1. HP: 11/11 MP: 2/2
    10 | D:1      | Reached skill level 2 in Short Blades
    81 | D:1      | Reached XP level 2. HP: 15/15 MP: 3/3
   390 | D:1      | HP: 1/15 [gnoll/club (6)]
   453 | D:1      | Reached skill level 3 in Short Blades
   453 | D:1      | Reached XP level 3. HP: 18/18 MP: 4/4
   697 | D:2      | Found a shattered altar of Ashenzari.
  1083 | D:2      | Reached XP level 4. HP: 11/23 MP: 3/5
  1497 | D:2      | Found a stormy altar of Qazlal.
  1613 | D:2      | Reached skill level 4 in Short Blades
  1643 | D:2      | Found a snail-covered altar of Cheibriados.
  1883 | D:3      | Reached XP level 5. HP: 6/26 MP: 2/6
  2405 | D:3      | Reached skill level 5 in Short Blades
  2525 | D:3      | Reached skill level 5 in Stealth
  3086 | D:3      | Reached skill level 6 in Stealth
  3086 | D:3      | Gained mutation: You heal very quickly. [Vine Stalker growth]
  3086 | D:3      | Reached XP level 6. HP: 27/30 MP: 7/7
  3412 | D:4      | Found a sacrificial altar of Ru.
  3693 | D:4      | Reached skill level 7 in Stealth
  4128 | D:5      | Entered Level 5 of the Dungeon
  4140 | D:5      | Found a white marble altar of Elyvilon.
  4170 | D:5      | Reached XP level 7. HP: 34/34 MP: 8/8
  4172 | D:5      | Reached skill level 8 in Stealth
  4432 | D:5      | Reached skill level 9 in Stealth
  4696 | D:5      | Found a glowing golden altar of the Shining One.
  4774 | D:5      | Noticed Crazy Yiuf
  4800 | D:5      | Killed Crazy Yiuf
  5392 | D:6      | Reached skill level 10 in Stealth
  5400 | D:6      | Found a staircase to the Ecumenical Temple.
  5411 | Temple   | Entered the Ecumenical Temple
  5530 | D:6      | Reached skill level 1 in Dodging
  5541 | D:6      | Gained mutation: You have razor-sharp teeth. [Vine Stalker growth]
  5541 | D:6      | Reached XP level 8. HP: 32/38 MP: 6/9
  5597 | D:6      | Reached skill level 2 in Dodging
  5685 | D:6      | Reached skill level 3 in Dodging
  5888 | D:6      | Reached skill level 4 in Dodging
  5920 | D:6      | Found an iron altar of Okawaru.
  5920 | D:6      | Noticed Eustachio
  5927 | D:6      | Noticed Menkaure
  5937 | D:6      | HP: 1/38 [Menkaure (11)]
  5948 | D:6      | Killed Eustachio
  5951 | D:6      | Killed from afar by Menkaure

Vanquished Creatures
  Eustachio (D:6)
  A sky beast (D:6)
  A phantom (D:5)
  2 ogres
  A centaur (D:6)
  A giant frog (D:6)
  A crimson imp (D:5)
  A hound (D:4)
  Crazy Yiuf (D:5)
  2 orc priests
  4 orc wizards
  A giant frog skeleton (D:3)
  6 worker ants
  A worker ant zombie (D:6)
  A howler monkey zombie (D:5)
  5 gnolls
  8 adders
  An ooze (D:4)
  2 adder skeletons
  3 worms
  7 giant geckos
  17 orcs
  A ball python (D:3)
  10 bats
  2 giant cockroaches
  12 goblins
  11 hobgoblins
  6 jackals (D:2)
  2 quokkas
  2 giant gecko skeletons
  5 giant newts
  A jackal skeleton (D:5)
  10 kobolds
  A quokka skeleton (D:4)
  13 rats
144 creatures vanquished.

Vanquished Creatures (others)
  A goblin (D:2)
1 creature vanquished.

Grand Total: 145 creatures vanquished
